 Dungeon Crawl Stone Soup version 0.27.1-33-g824d729ab1 (webtiles) character file.

Game seed: 8061484676520790518

54 zeram the Sneak (level 3, -1/20 HPs)
             Began as a Deep Elf Brigand on Dec 24, 2021.
             Frozen to death by an endoplasm (2 damage)
             ... on level 2 of the Dungeon.
             The game lasted 00:02:10 (1439 turns).

zeram the Sneak (Deep Elf Brigand)                  Turns: 1439, Time: 00:02:10

Health: -1/20      AC:  3    Str:  8    XL:     3   Next: 66%
Magic:  5/5        EV: 12    Int: 16    God:
Gold:   58         SH:  0    Dex: 16    Spells: 2/2 levels left

rFire    . . .     SeeInvis .   a - +2 dagger
rCold    . . .     Faith    .   (no shield)
rNeg     . . .     Spirit   .   b - +0 robe
rPois    .         Reflect  .   (no helmet)
rElec    .         Harm     .   c - +0 cloak
rCorr    +         Rampage  .   (no gloves)
Will     .....                  (no boots)
Stlth    +++.......             (no amulet)
HPRegen  0.06/turn              m - ring of resist corrosion
MPRegen  0.09/turn              (no ring)

@: no status effects
A: no striking features
a: no special abilities


You were on level 2 of the Dungeon.
You visited 1 branch of the dungeon, and saw 2 of its levels.

You collected 58 gold pieces.

Inventory:

Hand Weapons
 a - a +2 dagger (weapon)
 k - a +0 dagger of holy wrath
Missiles
 d - 7 poisoned darts (quivered)
 e - 2 curare-tipped darts
Armour
 b - a +0 robe (worn)
 c - a +0 cloak (worn)
Jewellery
 m - a ring of resist corrosion (left hand)
Scrolls
 g - 2 scrolls of amnesia {unknown}
 j - 2 scrolls of blinking {unknown}
 l - a scroll of identify {unknown}
Potions
 h - a potion of ambrosia {unknown}
 i - a potion of berserk rage {unknown}


   Skills:
 - Level 1.5 Fighting
 + Level 2.5 Short Blades
 - Level 2.0 Throwing
 + Level 1.5 Dodging
 + Level 6.3 Stealth


You had 2 spell levels left.
You didn't know any spells.
Your spell library contained the following spells:

 Spells                   Type           Power      Damage    Failure   Level
 Static Discharge         Conj/Air       0%         N/A       36%         2
 Dispel Undead            Necr           0%         3d6       94%         4
 Sticky Flame             Conj/Fire      0%         2d3       94%         4


Dungeon Overview and Level Annotations

Branches:
Dungeon (2/15)

Altars:


Message History

You kill the adder!
You feel sick.
You are no longer poisoned.
You closely miss the hobgoblin.
The hobgoblin is severely wounded.
The hobgoblin closely misses you.
You hit the hobgoblin.
You kill the hobgoblin!
You hit the ball python.
You kill the ball python!
The kobold throws a stone.
The stone hits you. The endoplasm hits you. The kobold hits you with a +0 whip.
Things that are here:
a ball python corpse; an adder corpse You hit the endoplasm but do no damage.
The endoplasm closely misses you.
You hit the endoplasm.
The endoplasm is lightly wounded.
The endoplasm misses you.
You hit the endoplasm.
The endoplasm is moderately wounded.
The endoplasm freezes you.
You are frozen.
* * * LOW HITPOINT WARNING * * *
Found a scroll labelled UDEH ECEFEM and 7 gold pieces.
Throw: 8 darts (poison)
Press: ? - help, Q - select action, (/) - cycle Shift-Dir - straight line, f - endoplasm
Aim: an endoplasm (moderately wounded, 86% to hit)
You throw a poisoned dart. The poisoned dart hits the endoplasm.
The endoplasm is moderately wounded.
The endoplasm freezes you.
You are frozen.
* * * LOW HITPOINT WARNING * * *
You hit the endoplasm.
The endoplasm is severely wounded.
The endoplasm misses you.
You hit the endoplasm but do no damage.
The endoplasm is severely wounded.
The endoplasm freezes you.
You are frozen.
You die...

#.#.# ..## #.#.# ...# #.#.#
#..# #.#.# #..# #.#.#######..#
###.#.....K...K#
###.........####g#
..........### #J# ###.#.###.#
#@# # #.# #.# #(# #<###.##
#.######## ##
#.##...#####.......>## ≈##
#.........##.###.....##
≈≈######.........##.[.....####
≈≈≈## ##.#.#.##.##..........#
≈≈≈≈#####.#.#.##..........##.#
≈≈≈≈≈##...#.#.####.#.....###.#


You could see an endoplasm, a goblin and a kobold.

Vanquished Creatures
  2 adders (D:2)
  A worm (D:2)
  2 dart slugs (D:1)
  4 endoplasms
  3 hobgoblins
  A ball python (D:2)
  2 bats (D:2)
  3 frilled lizards
  4 goblins
  4 kobolds
  4 rats
30 creatures vanquished.

Notes
Turn   | Place    | Note
-------+----------+-------------------------------------------
     0 | D:1      | zeram the Deep Elf Brigand began the quest for the Orb.
     0 | D:1      | Reached XP level 1. HP: 12/12 MP: 3/3
    46 | D:1      | Reached skill level 5 in Stealth
   282 | D:1      | Reached XP level 2. HP: 16/16 MP: 4/4
  1241 | D:2      | Found a faded altar of an unknown god.
  1255 | D:2      | Reached skill level 6 in Stealth
  1255 | D:2      | Reached XP level 3. HP: 20/20 MP: 5/5
  1437 | D:2      | HP: 1/20 [frozen (3)]
  1439 | D:2      | Frozen to death by an endoplasm

Illustrated notes

Levels and vault maps discovered:
D:1:      onia_arrival_pyramid, layout_basic, minmay_box_of_dots
D:2:      kennysheep_big_flooded_room, layout_loops_ring,
          hellmonk_ecumenical_altar_inner_sanctum, basic_altar, feat_on_display

Skill      XL: |  1  2 |
---------------+-------+-----
Stealth        | 5 6 |  6.3
Fighting       | |  1.5
Short Blades   | |  2.5
Throwing       | |  2.0
Dodging        | |  1.5

Action                   || total
-------------------------++-------
Melee: Dagger            ||    90
Throw: Dart              ||     2
  Use: Potion            ||     1
 Stab: Sleeping          ||    13
Armor: Robe              ||    20
Dodge: Dodged            ||    45
